[Event "Team 45 45 League T73"]
[Site "Internet Chess Club"]
[Date "2017.07.23"]
[Round "6"]
[White "WzeroMN"]
[Black "Conjurer"]
[Result "1/2-1/2"]
[WhiteElo "1120"]
[BlackElo "1233"]
[Opening "Sicilian defense"]
[ECO "B33"]
[Time "14:01:54"]
[TimeControl "2700+45"]

1. e4 c5 2. Nf3 Nc6 3. d4 cxd4 4. Nxd4 Nf6 5. Nxc6 bxc6 6. Nc3 Qa5 7. Bd2 Qb6 8.
b3 e5 9. Be2 Bc5 10. O-O Bd4 11. Na4 Qd8 12. Bc3 Nxe4 13. Bxd4 exd4 14. Qxd4 Nf6
15. Qe3+ Qe7 16. Qxe7+ Kxe7 17. Rfe1 Re8 18. Bf3+ Kf8 19. Rxe8+ Nxe8 20. Re1 d5
21. Nc5 Bf5 22. c3 Nf6 23. h3 h5 24. Re5 g6 25. Bxh5 Nxh5 26. g4 Bb1 27. gxh5
gxh5 28. Rxh5 Kg7 29. Rg5+ Kf6 30. Rg3 Bxa2 31. b4 a5 32. bxa5 Rxa5 33. Nd3 Bc4
34. Rf3+ Ke6 35. Nf4+ Ke5 36. Ng2 f5 37. Re3+ Kf6 38. f4 Ra1+ 39. Kh2 Ra2 {Game
drawn by mutual agreement} 1/2-1/2

[Event "Team 45 45 League T73"]
[Site "Internet Chess Club"]
[Date "2017.07.23"]
[Round "6"]
[White "GideonL"]
[Black "drsigmund1"]
[Result "0-1"]
[WhiteElo "1352"]
[BlackElo "1446"]
[Opening "French: exchange variation"]
[ECO "C01"]
[Time "14:01:34"]
[TimeControl "2700+45"]

1. e4 e6 2. d4 d5 3. exd5 exd5 4. Nf3 c5 5. c3 Nc6 6. Be3 Qb6 7. b3 Bg4 8. Be2
Nf6 9. O-O Bd6 10. Nbd2 O-O 11. h3 Bf5 12. dxc5 Bxc5 13. Bxc5 Qxc5 14. c4 d4 15.
Nh4 Bd7 16. Bf3 Ne5 17. Ne4 Nxe4 18. Bxe4 Bc6 19. Bxc6 Nxc6 20. Qd3 Rad8 21. Nf3
Nb4 22. Qd2 d3 23. a3 Nc2 24. Ra2 Rfe8 25. Qc3 Re2 26. Rd1 Qxf2+ {White resigns}
0-1

[Event "Team 45 45 League T73"]
[Site "Internet Chess Club"]
[Date "2017.07.22"]
[Round "6"]
[White "dabodhi"]
[Black "seattleblues"]
[Result "0-1"]
[WhiteElo "1327"]
[BlackElo "1298"]
[Opening "Caro-Kann: two knights, 3...Bg4"]
[ECO "B11"]
[Time "20:16:56"]
[TimeControl "2700+45"]

1. e4 c6 2. Nc3 d5 3. Nf3 Bg4 4. h3 Bxf3 5. Qxf3 e6 6. Be2 Nd7 7. O-O Ngf6 8. d4
dxe4 9. Nxe4 Be7 10. Bf4 O-O 11. Rad1 Qb6 12. b3 Rac8 13. Qg3 Nxe4 14. Qe3 Nef6
15. c4 Qd8 16. Bf3 Re8 17. Qc3 Nb6 18. g4 Bf8 19. g5 Nfd7 20. Qd3 e5 21. Bc1
exd4 22. Qxd4 Ne5 23. Be2 Ng6 24. Qg4 Qe7 25. Rfe1 Qe6 26. Qg3 Qe5 27. f4 Bc5+
28. Kh1 Qb8 29. h4 Nf8 30. h5 Rcd8 31. Bb2 Rxe2 {White resigns} 0-1

[Event "Team 45 45 League T73"]
[Site "Internet Chess Club"]
[Date "2017.07.19"]
[Round "6"]
[White "grekor"]
[Black "Just-Jim"]
[Result "0-1"]
[WhiteElo "1105"]
[BlackElo "1271"]
[Opening "King's pawn opening"]
[ECO "B07"]
[Time "14:00:57"]
[TimeControl "2700+45"]

1. e4 d6 2. Bc4 e6 3. d3 h6 4. Bf4 c6 5. e5 Qa5+ 6. Nc3 dxe5 7. Be3 Bb4 8. d4
Bxc3+ 9. bxc3 Qxc3+ 10. Kf1 Qxc4+ 11. Ke1 e4 12. f3 Qc3+ 13. Kf2 Nf6 14. Ne2 Qa3
15. Bf4 Nd5 16. Qc1 Nxf4 17. Qxf4 e3+ 18. Kg3 O-O 19. Kh3 b6 20. g4 Ba6 21. Ng3
Nd7 22. g5 hxg5 23. Qxg5 e2 24. Rae1 Qxf3 25. Kh4 Nf6 26. Nh5 Nxh5 27. Qxh5 Qe4+
28. Kh3 Qe3+ 29. Kh4 Qxd4+ 30. Kh3 e5 31. Qg5 Bc8+ 32. Kg2 Qe4+ 33. Kf2 Qd4+ 34.
Kg2 Bb7 35. Rxe2 c5+ 36. Kh3 Bxh1 37. Rxe5 Qc3+ 38. Re3 Qxc2 39. Rg3 Qh7+ 40.
Kg4 Rae8 41. Rh3 Re4+ 42. Kg3 Qg6 43. Qxg6 fxg6 44. Rh8+ Kxh8 45. h4 Rf3+ 46.
Kh2 Re2+ 47. Kxh1 Rf1# {White checkmated} 0-1

[Event "Team 45 45 League T73"]
[Site "Internet Chess Club"]
[Date "2017.07.24"]
[Round "6"]
[White "Xbug"]
[Black "Rbug"]
[Result "0-1"]
[WhiteElo "1171"]
[BlackElo "1006"]
[Opening "QGD Slav: 4.Nc3"]
[ECO "D15"]
[Time "12:03:34"]
[TimeControl "2700+45"]

1. d4 d5 2. c4 c6 3. Nf3 Nf6 4. Nc3 Bf5 5. Qb3 Qc7 6. cxd5 cxd5 7. Nxd5 Nxd5 8.
Qxd5 e6 9. Qb5+ Nc6 10. Ne5 Bb4+ 11. Bd2 Bxd2+ 12. Kxd2 O-O 13. Nxc6 bxc6 14.
Qc5 Rfd8 15. e3 Rab8 16. b3 e5 17. Ke2 exd4 18. exd4 Re8+ 19. Kd2 Qf4+ 20. Kc3
Qxf2 21. Bd3 Bxd3 22. Kxd3 Re3+ 23. Kc4 Qc2# {White checkmated} 0-1

[Event "Team 45 45 League T73"]
[Site "Internet Chess Club"]
[Date "2017.07.22"]
[Round "6"]
[White "smsxman"]
[Black "mongmong"]
[Result "0-1"]
[WhiteElo "1375"]
[BlackElo "1504"]
[Opening "French defense"]
[ECO "C00"]
[Time "13:01:38"]
[TimeControl "2700+45"]

1. e4 e6 2. Nc3 d5 3. exd5 exd5 4. d4 c6 5. Nf3 Bd6 6. g3 Nf6 7. Bg2 O-O 8. Bg5
Re8+ 9. Ne2 Qe7 10. Ne5 Bxe5 11. dxe5 Qxe5 12. Bxf6 Qxf6 13. O-O Qxb2 14. Re1
Qf6 15. Nf4 Rxe1+ 16. Qxe1 Be6 17. Rb1 b5 18. Rb4 Na6 19. Ra4 bxa4 20. Qe2 Nc5
{White resigns} 0-1

[Event "Team 45 45 League T73"]
[Site "Internet Chess Club"]
[Date "2017.07.20"]
[Round "6"]
[White "Toalla"]
[Black "jjaillet2007"]
[Result "0-1"]
[WhiteElo "1200"]
[BlackElo "1324"]
[Opening "French: Schlechter variation"]
[ECO "C01"]
[Time "14:01:39"]
[TimeControl "2700+45"]

1. e4 e6 2. d4 d5 3. Bd3 c5 4. c3 Nc6 5. Nf3 Nf6 6. e5 Nd7 7. O-O cxd4 8. cxd4
Qb6 9. Bc2 f6 10. exf6 Nxf6 11. Re1 Bb4 12. Nc3 O-O 13. a3 Bxc3 14. bxc3 Qc7 15.
Ne5 Ne7 16. Qd2 Nd7 17. Qd3 Nf5 18. Qh3 Nxe5 19. Rxe5 Qf7 20. g4 Nh6 21. f4 Qe7
22. f5 Qf6 23. g5 Qe7 24. gxh6 g5 25. Qg4 Kh8 26. Bxg5 Rg8 27. Bf6+ Qxf6 28.
Qxg8+ Kxg8 29. Rf1 Qg5+ 30. Kh1 Bd7 31. Rg1 Qxg1+ 32. Kxg1 Kf7 33. fxe6+ Bxe6
34. Kf2 Kf6 35. Bxh7 Rh8 36. Bc2 Rxh6 37. Kg3 Rh3+ 38. Kf4 Rxh2 39. Ba4 Rf2+ 40.
Ke3 Ra2 41. Bb5 Rxa3 42. Kd2 a6 43. Bd3 a5 44. Kc2 b6 45. Kb2 Ra4 46. Bc2 Rc4
47. Kb3 a4+ 48. Kb2 b5 49. Bd3 a3+ 50. Kxa3 Rxc3+ {White resigns} 0-1

[Event "Team 45 45 League T73"]
[Site "Internet Chess Club"]
[Date "2017.07.24"]
[Round "6"]
[White "stantheman59"]
[Black "tasawyer81"]
[Result "0-1"]
[WhiteElo "1294"]
[BlackElo "1151"]
[Opening "English opening"]
[ECO "A20"]
[Time "20:01:34"]
[TimeControl "2700+45"]

1. c4 e5 2. g3 Nf6 3. Bg2 Bc5 4. Nc3 c6 5. a3 d5 6. b4 Be7 7. cxd5 cxd5 8. d3
O-O 9. e3 Be6 10. Nf3 Nc6 11. O-O Qd7 12. b5 Na5 13. Nxe5 Qd6 14. d4 Rac8 15.
Bd2 Nc4 16. Nb1 Nxe5 17. Bb4 Qc7 18. Bxe7 Qxe7 19. dxe5 Ng4 20. Bxd5 Rfd8 21. e4
Nxe5 22. Qb3 Bh3 23. Rd1 Qf6 24. Bxf7+ Kh8 25. Rxd8+ Rxd8 26. Bd5 Nf3+ 27. Kh1
Qxa1 28. Qd1 Nd2 29. Ba2 Qd4 30. Bd5 Qxf2 31. Qg1 Qxg1+ 32. Kxg1 Nxb1 33. Kf2
Nxa3 34. Bxb7 Nxb5 35. Kf3 a5 36. g4 a4 37. Bd5 a3 38. Ba2 Rd2 39. Bb1 Nd4+ 40.
Kg3 Rb2 41. Kxh3 Rxb1 42. e5 a2 43. g5 a1=Q 44. e6 Nxe6 45. g6 h6 46. Kh4 Qa4+
47. Kg3 Rb3+ 48. Kg2 Qa2+ 49. Kf1 Rb1# {White checkmated} 0-1

[Event "Team 45 45 League T73"]
[Site "Internet Chess Club"]
[Date "2017.07.25"]
[Round "6"]
[White "WzeroMN"]
[Black "rhayder"]
[Result "1-0"]
[WhiteElo "1135"]
[BlackElo "1083"]
[Opening "Inverted Hungarian"]
[ECO "C44"]
[Time "17:18:26"]
[TimeControl "2700+45"]

1. e4 e5 2. Nf3 Nc6 3. Be2 Nf6 4. d3 Be7 5. O-O O-O 6. Nc3 d5 7. Bg5 dxe4 8.
dxe4 h6 9. Bxf6 Bxf6 10. Qxd8 Rxd8 11. Nd5 Rd7 12. Nxf6+ gxf6 13. Rad1 Nd4 14.
Nxd4 Rxd4 15. Rxd4 exd4 16. Rd1 c5 17. c3 Be6 18. cxd4 cxd4 19. b3 Rd8 20. Bd3
Kg7 21. f3 Kf8 22. Bc4 Bxc4 23. bxc4 d3 24. Kf2 Ke7 25. Ke3 b6 26. Rxd3 Rxd3+
27. Kxd3 Kd6 28. Kd4 a6 29. a4 a5 30. h4 h5 31. g4 b5 32. cxb5 {Black resigns}
1-0

[Event "Team 45 45 League T73"]
[Site "Internet Chess Club"]
[Date "2017.07.23"]
[Round "6"]
[White "g8wrb"]
[Black "Electryon"]
[Result "0-1"]
[WhiteElo "1229"]
[BlackElo "1479"]
[Opening "QGD semi-Slav: 5.e3"]
[ECO "D45"]
[Time "09:17:36"]
[TimeControl "2700+45"]

1. d4 d5 2. c4 c6 3. Nc3 Nf6 4. e3 e6 5. Nf3 Bd6 6. Qb3 O-O 7. Bd3 dxc4 8. Qxc4
Nbd7 9. O-O Re8 10. Bd2 e5 11. dxe5 Nxe5 12. Nxe5 Rxe5 13. Rfd1 Be6 14. Qa4 Ng4
15. h3 Nh6 16. Ne4 Bd5 17. Nxd6 Qxd6 18. Bf1 Qg6 19. Bc3 Rh5 20. g4 Rh4 21. Bg2
Bxg2 22. Kxg2 Nxg4 23. hxg4 Rxg4+ 24. Qxg4 Qxg4+ 25. Kh2 Re8 26. Rg1 Qh4+ 27.
Kg2 Re6 28. Kf1 Qh3+ 29. Ke2 Rg6 30. Rad1 Qh5+ 31. f3 Qh2+ {White resigns} 0-1

[Event "Team 45 45 League T73"]
[Site "Internet Chess Club"]
[Date "2017.07.21"]
[Round "6"]
[White "Aquaman"]
[Black "SeniorCitizen"]
[Result "0-1"]
[WhiteElo "1276"]
[BlackElo "1259"]
[Opening "Blackmar gambit"]
[ECO "D00"]
[Time "15:01:21"]
[TimeControl "2700+45"]

1. d4 d5 2. e4 dxe4 3. Nc3 Nf6 4. f3 Bf5 5. fxe4 Bxe4 6. Nxe4 Nxe4 7. Bd3 Nf6 8.
Nf3 e6 9. O-O Be7 10. c3 O-O 11. Qb3 Qc8 12. Ne5 c5 13. Be3 Nbd7 14. Nf3 Nd5 15.
Bf2 N7f6 16. Rac1 b6 17. Rfe1 Qd8 18. Ne5 Qc7 19. Bf1 Bd6 20. Kh1 Bxe5 21. dxe5
Ng4 22. Bg3 Nh6 23. h3 a6 24. a3 Rfc8 25. c4 Ne7 26. Bh2 Ng6 27. Red1 Nf5 28.
Re1 Nfe7 29. Qc2 Nc6 30. Qe4 Nd4 31. Rc3 Qc6 32. Qg4 Rd8 33. Kg1 Nf5 34. Qe2 Rd4
35. g3 Rad8 36. Bg2 Qd7 37. Be4 Rd2 38. Qf1 Rxb2 39. Rd3 Nd4 40. Rdd1 Rb3 41.
Ra1 Rc3 42. Red1 Qa4 43. g4 Rb8 44. Bd3 Rxa3 45. Rab1 Ra2 46. Rdc1 Nh4 47. Be4
Ne2+ 48. Kh1 Nxc1 49. Rxc1 Qb4 50. Bg3 Qd2 51. Rd1 Qe2 52. Bd3 Qxf1+ 53. Bxf1
Ng6 54. Kg1 Kf8 55. Bg2 Ke7 56. Rd6 Ra3 57. Kh2 Re3 58. Rc6 Rb7 59. Rd6 Nxe5 60.
Bxe5 Rxe5 61. Rd1 Rd7 62. Rb1 Rd6 63. h4 Re2 64. Kg1 a5 65. g5 Red2 66. Bf3 R2d4
67. h5 Rxc4 68. g6 hxg6 69. hxg6 f6 70. Re1 a4 71. Be2 Rcd4 72. Ra1 f5 73. Bb5
Rd1+ 74. Rxd1 Rxd1+ 75. Kf2 a3 76. Ba4 Rd4 77. Bb3 Kf6 78. Ke3 Rd6 79. Bc4 Kxg6
{White resigns} 0-1

[Event "Team 45 45 League T73"]
[Site "Internet Chess Club"]
[Date "2017.07.23"]
[Round "6"]
[White "kabubi"]
[Black "GiantsFan"]
[Result "1-0"]
[WhiteElo "1206"]
[BlackElo "1118"]
[Opening "Giuoco Piano: Greco's attack"]
[ECO "C54"]
[Time "19:12:51"]
[TimeControl "2700+45"]

1. e4 e5 2. Nf3 Nc6 3. Bc4 Bc5 4. c3 Nf6 5. d4 exd4 6. cxd4 Bb4+ 7. Nc3 Bxc3+ 8.
bxc3 Nxe4 9. Qe2 Qe7 10. O-O O-O 11. Re1 Re8 12. d5 Na5 13. Bd3 f5 14. Ng5 h6
15. Nxe4 fxe4 16. Qxe4 Qxe4 17. Rxe4 Rxe4 18. Bxe4 d6 19. Bf4 Bd7 20. Rc1 Rf8
21. Bg3 Bf5 22. Bf3 Nc4 23. Be2 Nd2 24. f3 Re8 25. Kf2 a6 26. Rd1 Nb1 27. c4 Nc3
28. Rd2 g5 29. h3 h5 30. Bh2 Rxe2+ 31. Rxe2 Nxe2 32. Kxe2 h4 33. Ke3 Kf7 34. g4
Bb1 35. a3 Ba2 36. Kd4 Bb1 37. c5 dxc5+ 38. Kxc5 c6 39. d6 Ke6 40. Kb6 Bd3 41.
Kxb7 c5 42. Kc7 Bb5 43. Bg1 c4 44. Bd4 Be8 45. Bc3 Bb5 46. Bd2 Ba4 47. Bxg5 c3
48. Bc1 Bd1 49. d7 Bxf3 50. d8=Q c2 51. Qxh4 Ke5 52. g5 Kf5 53. Qg3 Bd1 54. g6
Ke4 55. g7 Kd4 56. g8=Q Ke4 57. Q8g4+ Kd5 58. Qb3+ Ke5 59. Qe3+ Kf6 60. Qe1 Bxg4
61. hxg4 a5 62. g5+ Kg6 63. Qd2 a4 64. Qxc2+ Kg7 65. Qxa4 Kg6 66. Qe4+ Kg7 67.
Kd6 Kg8 68. Qe7 Kh8 69. Ke6 Kg8 70. Kf6 Kh8 71. Qg7# {Black checkmated} 1-0

[Event "Team 45 45 League T73"]
[Site "Internet Chess Club"]
[Date "2017.07.23"]
[Round "6"]
[White "RobertBuice"]
[Black "oldbookseller"]
[Result "1-0"]
[WhiteElo "1081"]
[BlackElo "882"]
[Opening "QGD: 4.Bg5 Nbd7"]
[ECO "D51"]
[Time "14:01:23"]
[TimeControl "2700+45"]

1. d4 d5 2. c4 e6 3. Nc3 Nf6 4. Bg5 Nbd7 5. Nf3 Be7 6. Qc2 c6 7. e3 a6 8. Bd3
Qa5 9. O-O b5 10. c5 Qc7 11. e4 e5 12. dxe5 Nxe5 13. Nxe5 Qxe5 14. Bxf6 Qxf6 15.
exd5 Bxc5 16. Qe2+ Kd8 17. Rae1 Kc7 18. d6+ Bxd6 19. Ne4 Bxh2+ 20. Kxh2 Qh6+ 21.
Kg1 Bf5 22. Nc5 Bh3 23. Qe7+ Kb6 24. Re5 f6 25. Qb7+ Ka5 26. a3 fxe5 27. Qc7#
{Black checkmated} 1-0

[Event "Team 45 45 League T73"]
[Site "Internet Chess Club"]
[Date "2017.07.21"]
[Round "6"]
[White "santiagoelawad"]
[Black "room-matt"]
[Result "1-0"]
[WhiteElo "1958"]
[BlackElo "1776"]
[Opening "English, Kramnik-Shirov counterattack"]
[ECO "A21"]
[Time "08:05:28"]
[TimeControl "2700+45"]

1. c4 e5 2. Nc3 Bb4 3. Nd5 Be7 4. g3 Nf6 5. Bg2 Nxd5 6. cxd5 O-O 7. Nf3 d6 8.
O-O f5 9. b4 Nd7 10. Rb1 f4 11. d3 fxg3 12. hxg3 Nb6 13. Qb3 Bg4 14. Bd2 Qd7 15.
Rbc1 Rac8 16. Rc2 Bf6 17. Be3 Bh3 18. Rfc1 Bxg2 19. Kxg2 Rf7 20. b5 Qg4 21. Nh2
Qg6 22. a4 e4 23. a5 exd3 24. exd3 Na8 25. Bxa7 Re8 26. b6 cxb6 27. Bxb6 Nxb6
28. axb6 Rfe7 29. Qc4 Bg5 30. Rf1 Qf7 31. Nf3 Bf6 32. Nd4 Re5 33. Ne6 Qh5 34.
Nf4 Qf5 35. Qc7 R5e7 36. Qxd6 Be5 37. Qb4 Bxf4 38. Qxf4 Qxd5+ 39. Qf3 Qb3 40.
Rc7 Qxb6 41. Qd5+ Kh8 42. Rxe7 Rxe7 43. Rc1 g6 44. Rc8+ Kg7 45. Qg8+ Kf6 46.
Rf8+ Ke5 47. Rf4 Qc6+ 48. Kh2 Qd7 49. Qf8 Kd5 50. Qf6 Re6 51. Qc3 Re7 52. Rd4+
Ke6 53. Rxd7 Rxd7 54. Kg2 h6 55. f4 h5 56. Kf3 Kf7 57. d4 Re7 58. d5 Ke8 59. Qf6
{Black resigns} 1-0

[Event "Team 45 45 League T73"]
[Site "Internet Chess Club"]
[Date "2017.07.21"]
[Round "6"]
[White "fishhead"]
[Black "primerpaso"]
[Result "0-1"]
[WhiteElo "1769"]
[BlackElo "1855"]
[Opening "Sicilian: Najdorf, 7...Be7 main line"]
[ECO "B99"]
[Time "19:08:28"]
[TimeControl "2700+45"]

1. e4 c5 2. Nf3 d6 3. d4 cxd4 4. Nxd4 Nf6 5. Nc3 a6 6. Bg5 e6 7. f4 Be7 8. Qf3
Qc7 9. O-O-O Nbd7 10. Bd3 Nc5 11. Rhe1 h6 12. Bh4 O-O 13. e5 Ne8 14. Bxe7 Qxe7
15. Ne4 d5 16. Ng3 g6 17. Qg4 Ng7 18. Re3 Bd7 19. Rf3 h5 20. Qh3 f5 21. Nf1 Ne4
22. Nd2 Rac8 23. Rff1 Rc7 24. N2f3 Rfc8 25. Bxe4 fxe4 26. Ng5 Nf5 27. c3 Rxc3+
28. bxc3 Qa3+ 29. Kd2 e3+ 30. Ke2 Nxd4+ 31. Rxd4 Rxc3 32. Rb1 Qxa2+ {White
resigns} 0-1

[Event "Team 45 45 League T73"]
[Site "Internet Chess Club"]
[Date "2017.07.23"]
[Round "6"]
[White "kabindra"]
[Black "zap2"]
[Result "1-0"]
[WhiteElo "1676"]
[BlackElo "1721"]
[Opening "Pirc: Ufimtsev-Pytel variation"]
[ECO "B07"]
[Time "14:01:40"]
[TimeControl "2700+45"]

1. e4 d6 2. d4 Nf6 3. Nc3 c6 4. h3 g6 5. Be3 Bg7 6. Qd2 Nbd7 7. Nf3 O-O 8. Bh6
Re8 9. Bxg7 Kxg7 10. Bd3 e5 11. dxe5 Nxe5 12. Nxe5 dxe5 13. O-O-O Nh5 14. Ne2
Be6 15. Qc3 Qg5+ 16. f4 Nxf4 17. Nxf4 Qxf4+ 18. Kb1 f6 19. g4 Qe3 20. Rhg1 g5
21. h4 h6 22. hxg5 hxg5 23. Rdf1 Rh8 24. Qb4 Rhe8 25. Qxb7+ Kg6 26. Rh1 Bg8 27.
Qxc6 Qb6 28. Rxf6+ Kg7 29. Rg6+ Kf8 30. Rf1+ Bf7 31. Qxb6 axb6 32. Bc4 Re7 33.
Rxf7+ Rxf7 34. Bxf7 Kxf7 35. Rxb6 Rh8 36. a4 Rh4 37. a5 Rxg4 38. a6 Rxe4 39. b3
Rd4 40. a7 Rd8 41. Rb8 {Black resigns} 1-0

[Event "Team 45 45 League T73"]
[Site "Internet Chess Club"]
[Date "2017.07.21"]
[Round "6"]
[White "Duguesclin"]
[Black "pokerram"]
[Result "1-0"]
[WhiteElo "1524"]
[BlackElo "1544"]
[Opening "King's Indian: Four pawns attack, dynamic line"]
[ECO "E76"]
[Time "15:01:16"]
[TimeControl "2700+45"]

1. d4 Nf6 2. c4 g6 3. Nc3 Bg7 4. e4 d6 5. f4 O-O 6. Nf3 c5 7. d5 e6 8. Bd3 exd5
9. cxd5 Re8 10. O-O c4 11. Bc2 b5 12. e5 dxe5 13. fxe5 Ng4 14. Bg5 Qb6+ 15. Qd4
Qxd4+ 16. Nxd4 a6 17. Bf6 Nxe5 18. Rae1 Bb7 19. Ne4 Bxd5 20. Bxg7 Kxg7 21. Nf6
Re7 22. Nxd5 Re8 23. Nc7 {Black resigns} 1-0

[Event "Team 45 45 League T73"]
[Site "Internet Chess Club"]
[Date "2017.07.29"]
[Round "6"]
[White "TheRailgun"]
[Black "LittleButton"]
[Result "0-1"]
[WhiteElo "1902"]
[BlackElo "1880"]
[Opening "Sicilian: dragon, classical, 9.Nb3"]
[ECO "B74"]
[Time "08:02:09"]
[TimeControl "2700+45"]

1. e4 c5 2. Nf3 d6 3. d4 cxd4 4. Nxd4 Nf6 5. Nc3 g6 6. Be3 Bg7 7. Be2 O-O 8. O-O
Nc6 9. Nb3 Be6 10. f4 Rc8 11. f5 Bd7 12. a4 a6 13. a5 Ne5 14. Bb6 Qe8 15. Bd4
Nc4 16. Bxc4 Rxc4 17. Qe2 Bb5 18. Nxb5 Qxb5 19. e5 dxe5 20. Bxe5 Rfc8 21. Rac1
Bh6 22. Rce1 Rxc2 23. Qxb5 axb5 24. Bc3 b4 25. Nd4 bxc3 26. Nxc2 cxb2 27. Na3
Nd5 28. Nb1 Ne3 29. Rf2 Rc1 30. Re2 Nc2 {White resigns} 0-1

[Event "Team 45 45 League T73"]
[Site "Internet Chess Club"]
[Date "2017.07.25"]
[Round "6"]
[White "JPSVI"]
[Black "Yedixon"]
[Result "0-1"]
[WhiteElo "1420"]
[BlackElo "1719"]
[Opening "Queen's pawn game, Chigorin variation"]
[ECO "D02"]
[Time "20:09:31"]
[TimeControl "2700+45"]

1. Nf3 d5 2. d4 Nc6 3. c4 Bg4 4. Nc3 Nf6 5. cxd5 Nxd5 6. e4 Bxf3 7. gxf3 Nb6 8.
Bb5 a6 9. Bxc6+ bxc6 10. Qd3 e5 11. Be3 exd4 12. Qxd4 Qxd4 13. Bxd4 O-O-O 14.
O-O-O c5 15. Be3 Bd6 16. f4 f6 17. b3 Rhe8 18. f3 c4 19. Nd5 Nxd5 20. Rxd5 Ba3+
21. Kb1 Rxd5 {White resigns} 0-1

[Event "Team 45 45 League T73"]
[Site "Internet Chess Club"]
[Date "2017.07.19"]
[Round "6"]
[White "Megasus"]
[Black "fireball"]
[Result "0-1"]
[WhiteElo "1363"]
[BlackElo "1581"]
[Opening "Réti opening"]
[ECO "A04"]
[Time "19:05:39"]
[TimeControl "2700+45"]

1. Nf3 g6 2. d4 Bg7 3. e3 d6 4. h3 c5 5. c4 cxd4 6. exd4 Nf6 7. Bd3 O-O 8. b3 e5
9. Nbd2 Re8 10. Qc2 e4 11. Nxe4 Nxe4 12. Bxe4 f5 13. Be3 Rxe4 14. O-O Nc6 15.
Qd2 Qf8 16. g3 f4 17. gxf4 Bxh3 18. Rfe1 Qf5 19. Kh2 Qh5 20. Ng5 Nxd4 21. Bxd4
Rxd4 22. Qe3 Bf5+ 23. Kg1 Qg4+ 24. Qg3 Qxf4 25. Rad1 Qxg3+ 26. fxg3 Rg4 27. Nf3
Rxg3+ 28. Kf2 Rg4 29. Re3 Rf8 30. Rde1 Bd7 {White resigns} 0-1